 Dungeon Crawl Stone Soup version 0.17-a0-2108-g65e8068 (webtiles) character file.

17031 Bezhaha1 the Protected (level 12, 0/100 HPs)
             Began as a Demonspawn Berserker on Oct 19, 2015.
             Was a High Priest of Trog.
             Slain by a red ugly thing (7 damage)
             ... on level 12 of the Dungeon.
             The game lasted 00:49:24 (13798 turns).

Bezhaha1 the Protected (Demonspawn Berserker)      Turns: 13798, Time: 00:49:24

Health: 0/100      AC: 17    Str: 29    XL:     12   Next: 15%
Magic:  12/12      EV: 17    Int:  8    God:    Trog [*****.]
Gold:   674        SH:  0    Dex: 22    Spells: 0 memorised, 11 levels left

rFire  . . .     SeeInvis .     g - +9 quarterstaff "Rymm" {vamp, MR+ Str+6}
rCold  . . .     Clarity  .     x - +4 ring mail of Lathudghu {Regen+}
rNeg   + . .     SustAt   .     (no shield)
rPois  .         Gourm    .     O - +0 helmet
rElec  .         Spirit   .     S - +0 cloak {MR+}
rCorr  .         Warding  .     u - +0 pair of gloves
rMut   +         Stasis   .     b - +0 pair of boots
MR     ++++.                    U - amulet of resist mutation
Stlth  +++.......               v - +2 ring of strength
                                o - ring of positive energy

@: agile, regenerating, incredibly resistant to hostile enchantments, fairly
stealthy
A: claws 2, thin skeletal structure 1, powered by pain 2
a: Berserk, Trog's Hand, Brothers in Arms, Burn Spellbooks, Renounce Religion


You were on level 12 of the Dungeon.
You worshipped Trog.
Trog was extremely pleased with you.
You were not hungry.

You visited 1 branch of the dungeon, and saw 12 of its levels.
You also visited: Sewer.

You collected 674 gold pieces.

Inventory:

Hand Weapons
 g - the +9 quarterstaff "Rymm" (weapon) {vamp, MR+ Str+6}
   (Trog gifted it to you on level 11 of the Dungeon)

   It inflicts no extra harm, but heals its wielder somewhat when it strikes a
   living foe.
   It affects your strength (+6).
   It affects your resistance to hostile enchantments.
 C - a +2 hand axe of electrocution
 K - a +0 battleaxe
 L - a +3 mace
Missiles
 D - 3 exploding tomahawks (quivered)
Armour
 b - a +0 pair of boots (worn)
 u - a +0 pair of gloves (worn)
 x - the +4 ring mail of Lathudghu (worn) {Regen+}
   (You found it on level 5 of the Dungeon)

   It increases your rate of regeneration.
 O - a +0 helmet (worn)
 S - a +0 cloak of magic resistance (worn)
Jewellery
 o - a ring of positive energy (left hand)
 t - an uncursed amulet of resist corrosion
 v - a +2 ring of strength (right hand)
 P - an uncursed amulet of stasis
 U - an amulet of resist mutation (around neck)
Wands
 s - a wand of disintegration (9)
 A - a wand of random effects (28)
Scrolls
 e - a scroll of blinking
 h - 7 scrolls of remove curse
 l - 9 scrolls of identify
 p - 4 scrolls of fear
 q - 2 scrolls of teleportation
 N - 3 scrolls of magic mapping
 Q - a scroll of recharging
Potions
 d - 5 potions of curing
 f - 6 potions of brilliance
 j - a potion of ambrosia {unknown}
 k - 2 potions of invisibility
 m - 2 potions of cure mutation
 n - a potion of flight
 r - a potion of haste
 w - a potion of lignification
 z - a potion of berserk rage
 B - a potion of agility
 E - a potion of might {unknown}
Miscellaneous
 y - a plain deck of defence {drawn: 2}
 T - a disc of storms
Comestibles
 a - 9 chunks of flesh
 c - 13 bread rations
 i - 4 meat rations
 G - a royal jelly


   Skills:
 - Level 11.2 Fighting
 - Level 9.2 Axes
 + Level 6.1 Staves
 - Level 11.3 Armour
 - Level 1.7 Dodging


You had 11 spell levels left.
You didn't know any spells.

Dungeon Overview and Level Annotations

Branches:
Dungeon (12/15)            Temple (0/1) D:6            Lair (0/8) D:11
    Orc: D:9-12

Altars:
Dithmenos
Elyvilon
Gozag
Nemelex Xobeh
Okawaru
Ru
Trog
Vehumet
Xom
Yredelemnul
Zin
The Shining One


Innate Abilities, Weirdness & Mutations

You have very sharp fingernails.
You have a somewhat thin skeletal structure (Dex +2, Stealth).
You sometimes gain power by taking damage.


Message History

You hit the red ugly thing but do no damage.
The red ugly thing is severely wounded.
The red ugly thing gores you but does no damage.
You see here an iguana skeleton.
The slime creature quivers.
You hit the red ugly thing.
You feel better.
The red ugly thing is severely wounded.
The red ugly thing gores you.
* * * LOW HITPOINT WARNING * * *
You are engulfed in flames!
* * * LOW HITPOINT WARNING * * *
Use which ability?
Your skin crawls.
You feel resistant to hostile enchantments.
You feel slightly more hungry. The red ugly thing gores you.
* * * LOW HITPOINT WARNING * * *
You are engulfed in flames!
* * * LOW HITPOINT WARNING * * *
The red ugly thing gores you!
You die...

..# #.......##.................Z
.#####............#.#............
....##.......##.....#......Z.....
###.##.>.....###.#.J.....###...##
#.##.......# #.#.##Z#### #.....
#.####.##### #....ZJ# ###...##
###.###...########.#### #.......
..............####J# #.#.....
.##.##....###...@u.##### #.#...#.
#......## ######.....# #.#)....
####.### #.....###.#..... #.#
#...........#.#. ...
#.....###....... #### #.....#
###..... ###.### #..... #.#
#..... ... #.....


You could see a red ugly thing and a slime creature.

Vanquished Creatures
  Gastronok (D:8)
  Snorg (D:11)
  Erolcha (D:8)
  A hydra (D:9)
  2 unseen horrors (D:10)
  Pikel (D:7)
  An ugly thing (D:11)
  Maurice (D:8)
  Psyche (D:8)
  A komodo dragon (D:12)
  The ghost of Banto the Cutter, a novice HaAr (D:4)
  3 trolls
  Prince Ribbit (D:8)
  A slime creature (D:12)
  A spriggan (D:9)
  A deep elf mage (D:12)
  A steam dragon (D:9)
  A wyvern (D:11)
  6 yaks
  Grum (D:10)
  3 hungry ghosts
  The ghost of katie03 the Shield-Bearer, an amateur HaFi (D:6)
  3 hippogriffs
  A soldier ant (D:11)
  5 wolves
  5 orc warriors
  5 ice beasts
  3 ogres
  3 slaves (D:7)
  2 sky beasts
  4 centaurs
  3 big kobolds
  A brain worm (D:12)
  6 giant frogs
  A wyvern skeleton (D:8)
  11 killer bees
  5 scorpions
  2 electric eels (D:11)
  10 wights
  4 crimson imps
  4 centaur zombies
  2 jellies
  A giant frog skeleton (D:6)
  8 orc priests
  8 orc wizards
  3 centaur skeletons
  5 worker ants
  13 hounds
  4 iguanas
  A hound zombie (D:5)
  3 hound skeletons
  2 worker ant zombies
  A gnoll (D:9)
  17 adders
  5 shadow imps
  An adder skeleton (D:5)
  5 worms
  4 giant geckos
  35 orcs
  7 bats
  8 giant cockroaches
  11 goblins
  12 hobgoblins
  3 quokkas
  6 ball pythons
  A giant gecko zombie (D:6)
  4 giant newts
  19 jackals
  A jackal skeleton (D:8)
  29 kobolds
  A quokka zombie (D:5)
  7 rats
337 creatures vanquished.

Vanquished Creatures (others)
  An orc (D:11)
  A plant (Sewer)
2 creatures vanquished.

Grand Total: 339 creatures vanquished

Notes
Turn   | Place    | Note
--------------------------------------------------------------
     0 | D:1      | Bezhaha1 the Demonspawn Berserker began the quest for the Orb.
     0 | D:1      | Reached XP level 1. HP: 18/18 MP: 1/1
   209 | D:1      | Gained mutation: You have a somewhat thin skeletal structure (Dex +2, Stealth). [demonic ancestry]
   209 | D:1      | Reached XP level 2. HP: 22/24 MP: 2/2
   786 | D:1      | Reached ** piety under Trog
   914 | D:2      | Reached XP level 3. HP: 30/30 MP: 3/3
   936 | D:2      | Reached skill level 4 in Fighting
  1087 | D:2      | Found a bloodstained altar of Trog.
  1214 | D:2      | Found a basalt altar of Yredelemnul.
  1555 | D:2      | Gained mutation: You sometimes gain a little power by taking damage. [demonic ancestry]
  1555 | D:2      | Reached XP level 4. HP: 29/38 MP: 4/4
  1733 | D:3      | Reached skill level 5 in Fighting
  1786 | D:3      | Reached XP level 5. HP: 2/45 MP: 5/5
  2166 | D:3      | Found a radiant altar of Vehumet.
  2624 | D:4      | Found a glowing drain.
  2643 | D:4      | Reached skill level 6 in Fighting
  2646 | D:4      | Reached *** piety under Trog
  2666 | Sewer    | Entered a sewer
  3628 | Sewer    | Reached XP level 6. HP: 52/52 MP: 6/6
  3872 | D:4      | Found a sacrificial altar of Ru.
  3925 | D:4      | Noticed Banto's ghost (novice HaAr)
  3977 | D:4      | Killed Banto's ghost
  3977 | D:4      | Reached skill level 5 in Armour
  3977 | D:4      | Gained mutation: You have sharp fingernails. [demonic ancestry]
  3977 | D:4      | Reached XP level 7. HP: 33/58 MP: 7/7
  4698 | D:5      | Entered Level 5 of the Dungeon
  4781 | D:5      | Got a brightly glowing ring mail
  4792 | D:5      | Identified the +4 ring mail of Lathudghu {Regen+} (You found it on level 5 of the Dungeon)
  5402 | D:5      | Reached **** piety under Trog
  5497 | D:6      | Reached skill level 7 in Armour
  5561 | D:6      | Gained mutation: You have very sharp fingernails. [demonic ancestry]
  5561 | D:6      | Reached XP level 8. HP: 64/64 MP: 8/8
  5583 | D:6      | Found a shadowy altar of Dithmenos.
  5635 | D:6      | Noticed katie03's ghost (amateur HaFi)
  5667 | D:6      | Killed katie03's ghost
  5764 | D:6      | Reached skill level 8 in Armour
  5906 | D:6      | Found a staircase to the Ecumenical Temple.
  6235 | D:6      | Found a glowing silver altar of Zin.
  6236 | D:6      | Found an opulent altar of Gozag.
  6267 | D:6      | Received a gift from Trog
  6660 | D:7      | Found a white marble altar of Elyvilon.
  6727 | D:7      | Reached skill level 9 in Armour
  6819 | D:7      | Noticed Pikel
  6891 | D:7      | Killed Pikel
  6891 | D:7      | Reached skill level 10 in Armour
  6891 | D:7      | Reached XP level 9. HP: 47/69 MP: 9/9
  7068 | D:7      | Found a basalt altar of Yredelemnul.
  7308 | D:7      | Found a shimmering altar of Xom.
  7308 | D:7      | Found a shimmering altar of Xom.
  7308 | D:7      | Found a shimmering altar of Xom.
  7309 | D:7      | Found a shimmering altar of Xom.
  7313 | D:7      | You fall through a shaft for 3 floors!
  7313 | D:10     | Entered Level 10 of the Dungeon
  7552 | D:9      | Reached skill level 11 in Armour
  7702 | D:9      | Found a sacrificial altar of Ru.
  7791 | D:9      | Noticed a four-headed hydra
  7814 | D:9      | Killed a four-headed hydra
  7814 | D:9      | Reached XP level 10. HP: 41/79 MP: 10/10
  8134 | D:8      | Reached skill level 5 in Axes
  8157 | D:8      | Noticed Prince Ribbit
  8229 | D:8      | Noticed Psyche
  8239 | D:8      | Killed Psyche
  8273 | D:8      | Noticed Erolcha
  9046 | D:9      | Found an iron altar of Okawaru.
  9109 | D:8      | Killed Erolcha
  9151 | D:8      | Noticed Gastronok
  9316 | D:7      | Found a glowing golden altar of the Shining One.
  9731 | D:8      | Killed Gastronok
  9731 | D:8      | Gained mutation: You sometimes gain power by taking damage. [demonic ancestry]
  9731 | D:8      | Reached XP level 11. HP: 79/90 MP: 11/11
  9830 | D:8      | Noticed Maurice
 10164 | D:8      | Found a sparkling altar of Nemelex Xobeh.
 10523 | D:8      | Reached skill level 10 in Fighting
 10644 | D:8      | Killed Maurice
 10937 | D:8      | Killed Prince Ribbit
 11038 | D:10     | Noticed a centaur zombie
 11053 | D:10     | Killed a centaur zombie
 11101 | D:11     | Noticed Snorg
 11438 | D:10     | Noticed Grum
 11450 | D:10     | Reached ***** piety under Trog
 11482 | D:10     | Killed Grum
 11730 | D:10     | Killed an unseen horror
 11961 | D:10     | Killed an unseen horror
 12268 | D:11     | Received a gift from Trog
 12271 | D:11     | Got a brightly glowing quarterstaff {god gift}
 12273 | D:11     | Identified the +9 quarterstaff "Rymm" {vamp, MR+ Str+6} (Trog gifted it to you on level 11 of the Dungeon)
 12334 | D:11     | Reached skill level 1 in Staves
 12520 | D:11     | Killed Snorg
 12951 | D:11     | Reached XP level 12. HP: 100/100 MP: 12/12
 13010 | D:11     | Reached skill level 5 in Staves
 13067 | D:11     | Found a staircase to the Lair.
 13796 | D:12     | HP: 4/100 [red ugly thing (12)]
 13798 | D:12     | Slain by a red ugly thing

Vault maps used:
D:1:      dpeg_arrival_rooms_a
D:2:      lemuel_round_altar, lemuel_doored_altar
D:3:      overflow_temple_1_default, first_bread
D:4:      lemuel_crystal_altar, gup_sewer_entry_glass
D:6:      grunt_temple_overflow_gold_and_silver, lemuel_crystal_altar,
          minmay_temple_entry_grid, roderic_ancient_swastika
D:7:      kennysheep_mini, xom_redecorated, basic_altar, grunt_ministairs_11,
          tso_altar, uniq_pikel
D:8:      nemelex_deck, kennysheep_nondescript, kennysheep_generic_room_9,
          uniq_gastronok, uniq_erolcha, uniq_maurice, uniq_psyche,
          uniq_prince_ribbit1
D:9:      okawaru_altar_gauntlet_db, basic_altar, the_bakery,
          onia_ninara_dug_in_and_dangerous
D:10:     uniq_grum
D:11:     erik_lair_island, enter_bailey_2, st_stairs_13, serial_bayou_pond_a,
          uniq_snorg
D:12:     giant_chief_lemuel, zombieorc2_lemuel
Sewer:    sewer_co_scattered_pipes

Action                   |  1- 3 |  4- 6 |  7- 9 | 10-12 || total
-------------------------+-------+-------+-------+-------++-------
Melee: Hand axe          |   140 |   324 |   572 |   486 ||  1522
       Mace              |       |       |    11 |       ||    11
       Quarterstaff      |       |       |       |   231 ||   231
Invok: Berserk           |     1 |     1 |     9 |     9 ||    20
       Trog's Hand       |       |       |     7 |     8 ||    15
       Burn Spellbooks   |       |       |       |     1 ||     1
Evoke: Deck              |       |       |       |     2 ||     2
  Use: Potion            |       |     1 |       |    11 ||    12
       Scroll            |       |     6 |     1 |     7 ||    14
 Stab: Sleeping          |       |       |     1 |       ||     1
       Distracted        |       |       |       |     1 ||     1
  Eat: Chunk             |     3 |     7 |    26 |    35 ||    71
       Meat ration       |       |     1 |       |     1 ||     2
       Beef jerky        |       |       |     1 |     3 ||     4
       Pizza             |       |       |       |     3 ||     3
       Royal jelly       |       |       |       |     2 ||     2
